Map: Void Launch

Players

LilArrin

  • Race: Terran Terran
  • Spawn Location: 6:00

LilArrin

  • Race: Protoss Protoss
  • Spawn Location: 6:00

VOD

Have the link to the VOD?

Description

Time

  • Played on: Aug. 20, 2017, 10 p.m.
  • Length: 24:16
Show
View Real Time Build Order
Export as new Build Order

LilArrin Terran 

Build Orders:  

Get SALT Encoding   

  12  0:03  SCV  
  13  0:20  SCV  
  14  0:33  Supply Depot  
  14  0:37  SCV  
  15  0:53  SCV  
  16  1:10  SCV  
  17  1:26  Command Center  
  17  1:30  SCV  
  18  1:47  SCV  
  19  1:52  Barracks  
  19  2:04  SCV  
  20  2:25  Orbital Command  
  20  2:49  Command Center  
  20  3:01  SCV  
  20  3:06  Orbital Command  
  21  3:15  Refinery  
  21  3:18  SCV  
  22  3:27  Refinery  
  22  3:35  SCV  
  23  3:44  SCV  
  24  3:52  SCV  
  25  4:06  Combat Shields  
  25  4:10  Command Center  
  25  4:15  Barracks Tech Lab  
  25  4:16  SCV  
  25  4:19  SCV  
  27  4:24  Orbital Command  
  27  4:26  Barracks  
  27  4:41  SCV  
  27  4:42  Factory  
  28  4:51  Orbital Command  
  28  5:07  SCV x2  
  30  5:10  Barracks Reactor  
  30  5:23  Engineering Bay  
  30  5:24  SCV  
  30  5:25  Engineering Bay  
  30  5:28  Refinery  
  31  5:34  Refinery, SCV  
  31  5:39  SCV  
  33  5:45  Factory Tech Lab  
  33  5:47  SCV  
  34  5:59  Medic, SCV  
  35  6:00  Orbital Command  
  35  6:07  SCV  
  36  6:13  Medic  
  36  6:15  SCV  
  36  6:17  Marine, Stabilizer Medpacks  
  36  6:19  Replenishable Magazine  
  39  6:23  SCV  
  41  6:31  Marine x2  
  41  6:32  Medic  
  41  6:38  SCV  
  46  6:42  Marine x2  
  46  6:43  Medic  
  50  6:50  Vulture  
  50  6:52  Marine  
  50  6:53  Marine  
  50  6:57  SCV  
  55  7:02  SCV  
  55  7:03  Supply Depot  
  55  7:04  Marine  
  57  7:11  Terran Infantry Weapons Level 1  
  57  7:12  Terran Infantry Armor Level 1  
  57  7:15  Vulture  
  57  7:16  Marine, SCV  
  57  7:18  Medic  
  57  7:19  Cerberus Mines  
  61  7:28  Marine x3  
  61  7:29  Vulture  
  63  7:39  Medic  
  47  7:40  Vulture  
  72  7:51  Marine x2  
  72  7:52  Marine  
  72  7:57  SCV  
  76  8:01  Vulture, Supply Depot  
  76  8:02  Medic, Supply Depot  
  76  8:04  SCV  
  76  8:05  Supply Depot  
  79  8:11  Vulture  
  79  8:19  Marine x2  
  77  8:20  Marine  
  77  8:21  Vulture  
  77  8:29  Marine x2  
  82  8:30  Medic  
  82  8:32  Vulture  
  82  8:35  Armory  
  88  8:42  Vulture  
  88  8:47  Marine x2  
  88  8:48  Medic  
  90  8:57  Marine  
  93  9:05  Marine x2  
  96  9:16  Medic  
  96  9:17  Barracks  
  96  9:18  Marine, Barracks, Supply Depot  
  96  9:19  Marine  
  98  9:20  Supply Depot  
  98  9:35  Marine x3  
  101  9:45  Marine x2  
  101  9:46  Medic  
  101  9:47  Terran Vehicle and Ship Weapons Level 1  
  101  9:49  Marine  
  104  9:55  Marine, Barracks Tech Lab  
  105  10:05  Marine x3  
  105  10:08  Marine  
  105  10:15  Marine  
  105  10:18  Marine x3  
  108  10:25  Barracks Reactor  
  110  10:30  Marine x3  
  110  10:31  Medic  
  115  10:40  Marine  
  115  10:44  Marine  
  115  10:45  Marine  
  116  10:59  Terran Infantry Weapons Level 2  
  116  11:03  Terran Infantry Armor Level 2  
  116  11:12  Marine x2  
  116  11:14  Marine  
  116  11:17  Marine  
  115  11:27  Supply Depot  
  115  11:28  Medic, Marine x5  
  116  11:30  Supply Depot  
  116  11:33  Supply Depot  
  116  11:38  Marine x2  
  123  11:41  Marine  
  123  11:42  Marine  
  123  11:43  Marine x2  
  123  11:48  Medic  
  129  11:57  SCV x2  
  133  12:02  SCV  
  134  12:16  Marine x2  
  134  12:17  Medic  
  134  12:19  SCV  
  139  12:21  Marine  
  139  12:23  Marine  
  139  12:27  Marine  
  139  12:28  Marine  
  138  12:34  Marine  
  138  12:36  Marine  
  140  12:41  Marine  
  140  12:45  Terran Vehicle and Ship Weapons Level 2, Marine  
  140  12:48  Supply Depot  
  140  12:49  Medic, Marine x2  
  140  12:51  Supply Depot  
  140  12:53  Marine  
  140  12:54  Supply Depot, Marine  
  140  12:56  Marine  
  140  12:59  Marauder, Marine  
  149  13:14  Marine x2  
  149  13:15  Marine  
  149  13:16  Medic, Marine  
  155  13:30  Medic, Marine x3  
  155  13:35  Marine x2  
  161  13:40  Marine x2  
  161  13:41  Medic  
  161  13:47  Marine  
  163  13:50  Marine  
  163  13:55  Marine  
  164  14:01  Medic x2, Marine, Supply Depot  
  164  14:02  Supply Depot  
  164  14:05  Supply Depot  
  164  14:08  Marine  
  164  14:09  Marine x2  
  168  14:12  Medic  
  168  14:16  Marine x2  
  168  14:19  Marine  
  173  14:22  Medic  
  173  14:26  Medic  
  176  14:34  Medic, Marine x3  
  179  14:45  Marine  
  179  14:46  Medic x2, Marine x2  
  186  14:56  Marine x2  
  188  15:34  Terran Infantry Armor Level 3, Terran Infantry Weapons Level 3  
  188  15:50  Command Center  
  188  16:08  Command Center  
  188  17:27  Medic x2, Marine x4  
  188  17:30  SCV x4  
  188  17:36  Missile Turret x3  
  188  17:37  Missile Turret  
  188  17:38  Orbital Command  
  200  17:48  Orbital Command  
  198  18:04  Marine x2, Missile Turret x2  
  198  18:06  Missile Turret x2  
  198  18:08  Missile Turret  
  198  18:09  Missile Turret  
  200  18:10  Missile Turret  
  200  18:12  Missile Turret  
  200  18:14  Missile Turret  
  200  18:16  Marine  
  200  18:41  Missile Turret  
  200  18:43  Missile Turret  
  200  18:47  Missile Turret  
  200  18:48  Missile Turret  
  200  18:52  Missile Turret  
  200  18:54  Missile Turret  
  200  19:15  Missile Turret x2  
  200  19:17  Missile Turret x2  
  200  19:19  Missile Turret x2  
  200  19:20  Terran Vehicle and Ship Weapons Level 3  
  200  19:32  Missile Turret  
  200  19:34  Missile Turret  
  200  19:35  Missile Turret  
  200  19:38  Missile Turret  
  200  19:40  Missile Turret  
  200  20:01  Missile Turret  
  200  20:04  Missile Turret  
  200  20:06  Missile Turret  
  200  20:07  Missile Turret  
  200  20:17  Missile Turret x3  
  200  20:18  Missile Turret  
  200  20:19  Missile Turret  
  198  20:21  Missile Turret  
  198  20:26  Missile Turret  
  198  20:29  Missile Turret  
  197  20:32  Missile Turret  
  197  20:36  Missile Turret  
  197  20:43  Missile Turret  
  197  20:44  Missile Turret x2  
  197  20:45  Missile Turret  
  197  20:46  Missile Turret x2  
  197  20:51  Missile Turret  
  197  20:55  Missile Turret  
  197  20:57  Marine x3  
  197  20:58  Marine  
  200  21:12  Missile Turret  
  200  21:13  Missile Turret  
  200  21:15  Missile Turret  
  200  21:26  Missile Turret  
  200  21:28  Missile Turret  
  200  21:32  Missile Turret  
  200  21:33  Missile Turret  
  200  21:39  Missile Turret  
  200  21:42  Missile Turret  
  200  21:46  Missile Turret  
  200  21:48  Missile Turret  
  200  21:49  Missile Turret  
  200  21:56  Missile Turret  
  186  22:02  Missile Turret  
  186  22:03  Marine  
  186  22:04  Marine x5  
  186  22:08  Missile Turret  
  190  22:13  Missile Turret  
  190  22:14  Marine x5  
  190  22:17  Missile Turret  
  190  22:18  Missile Turret  
  190  22:19  Missile Turret  
  195  22:21  Missile Turret  
  195  22:29  Missile Turret  
  195  22:41  Missile Turret  
  195  22:44  Marine x3  
  195  22:45  Marine x2  
  200  22:51  Missile Turret  
  200  22:54  Missile Turret  
  200  22:58  Missile Turret  
  200  23:16  Marine x2  
  200  23:56  Marine x2  
Show
View Real Time Build Order
Export as new Build Order

LilArrin Protoss 

Build Orders:  

Get SALT Encoding   

Tags
 
Commander
FenixRaynor
Matchup
Co-op
Replay Pack
Co-op Speedrun
Add a new tag
Caveats
  • Supply blocks, unpowered buildings, or Contaminate may cause inaccurate times.
  • Supply counts are checked every 10 seconds.